 Dungeon Crawl Stone Soup version 0.23-a0-655-g3751e1c (webtiles) character file.

11428 Lilu the Thaumaturge (level 11, -3/64 HPs)
             Began as a Deep Elf Conjurer on Jan 7, 2019.
             Was an Elder of Vehumet.
             Slain by a red ugly thing (8 damage)
             ... on level 10 of the Dungeon on Jan 8, 2019.
             The game lasted 00:46:32 (12952 turns).

Lilu the Thaumaturge (Deep Elf Conjurer)           Turns: 12952, Time: 00:46:33

Health: -3/64      AC: 12    Str:  5    XL:     11   Next: 49%
Magic:  29/29      EV: 19    Int: 24    God:    Vehumet [****..]
Gold:   644        SH:  0    Dex: 15    Spells: 18/34 levels left

rFire    + . .     SeeInvis .   O - +0 shortbow
rCold    + . .     Gourm    .   (shield currently unavailable)
rNeg     . . .     Faith    .   L - +2 robe {rC+}
rPois    .         Spirit   .   g - +1 helmet
rElec    .         Reflect  .   l - +0 cloak
rCorr    .         Harm     .   (no gloves)
MR       +....                  (no boots)
Stlth    ++++......             Q - amulet of rage
HPRegen  0.20/turn              X - ring of protection from fire
MPRegen  0.21/turn              y - +5 ring of protection

@: hasted, very quick
A: no striking features
a: Renounce Religion, Evoke Berserk Rage


You were on level 10 of the Dungeon.
You worshipped Vehumet.
Vehumet was greatly pleased with you.
You were near starving.

You visited 2 branches of the dungeon, and saw 12 of its levels.

You collected 644 gold pieces.

Inventory:

Hand Weapons
 b - a +3 dagger of venom
 t - a +0 blowgun
 O - a +0 shortbow (weapon)
Missiles
 e - 2 curare-tipped needles
 P - 84 arrows (quivered)
Armour
 g - a +1 helmet (worn)
 l - a +0 cloak (worn)
 L - a +2 robe of cold resistance (worn)
 R - the +18 shield of the Gong {rElec rN+ MR+ EV-5}
   (You found it on level 8 of the Dungeon)

   It affects your evasion (-5).
   It insulates you from electricity.
   It protects you from negative energy.
   It affects your resistance to hostile enchantments.
 U - a cursed +0 buckler
Jewellery
 m - a +3 ring of evasion
 p - an uncursed ring of protection from cold
 r - an uncursed ring of wizardry
 y - a +5 ring of protection (right hand)
 F - an uncursed ring of magical power
 Q - an amulet of rage (around neck)
 X - a ring of protection from fire (left hand)
Wands
 H - a wand of scattershot (4)
 M - a wand of iceblast (7)
 T - a wand of digging (1)
Scrolls
 a - a scroll of fog
 k - a scroll of enchant weapon
 o - 3 scrolls of remove curse
 s - 4 scrolls of immolation
 I - a scroll of enchant armour
 J - 5 scrolls of teleportation
 V - a scroll of fear
Potions
 d - 2 potions of brilliance
 f - 2 potions of mutation
 h - a potion of haste
 q - a potion of invisibility
 v - a potion of agility
 w - a potion of berserk rage
 x - 4 potions of curing
 z - a potion of magic
 A - a potion of resistance
 G - 3 potions of lignification
 S - a potion of ambrosia {unknown}
 Y - a potion of flight {unknown}
Comestibles
 c - 13 rations


   Skills:
 + Level 5.2 Fighting
 + Level 5.9 Bows
 - Level 10.0 Dodging
 - Level 8.0 Stealth
 - Level 12.0 Spellcasting
 - Level 10.0 Conjurations
 - Level 4.0 Hexes
 + Level 3.9 Charms


You had 18 spell levels left.
You knew the following spells:

 Your Spells              Type           Power        Failure   Level  Hunger
a - Magic Dart            Conj           ####         1%          1    None
b - Searing Ray           Conj           ######       1%          2    None
c - Iskenderun's Mystic   Conj           ######..     1%          4    None
d - Fulminant Prism       Conj/Hex       #####.....   1%          4    None
e - Iskenderun's Battles  Conj/Chrm      #####...     1%          5    ###....

Your spell library contained the following spells:

 Spells                   Type           Power        Failure   Level  Hunger
 Dazzling Spray           Conj/Hex       #####.       1%          3    None
 Force Lance              Conj/Tloc      #####...     1%          4    None
 Animate Skeleton         Necr           N/A          4%          1    None
 Pain                     Necr           ##..         4%          1    None
 Regeneration             Chrm/Necr      ###.......   6%          3    None
 Vampiric Draining        Necr           ##........   13%         3    None
 Animate Dead             Necr           N/A          38%         4    None


Dungeon Overview and Level Annotations

Branches:
Dungeon (11/15)            Temple (1/1) D:4            Lair (0/6) D:8
    Orc (0/2) D:9

Altars:
Cheibriados
Makhleb
Qazlal
Ru
Sif Muna
Uskayaw
Vehumet
Wu Jian
Xom
Yredelemnul
The Shining One

Shops:
D:10 :


Message History

Deactivating autopickup; reactivate with Ctrl-A.
A sky beast appears from thin air!
Reactivating autopickup.
The red ugly thing barely misses you.
There is a stone staircase leading up here.
The red ugly thing barely misses you.
You climb upwards.
There is a stone staircase leading down here.
The red ugly thing misses you. The red ugly thing tail-slaps you!
* * * LOW HITPOINT WARNING * * *
You are engulfed in flames!
You resist.
* * * LOW HITPOINT WARNING * * *
You see here 17 bolts.
The red ugly thing completely misses you.
The red ugly thing barely misses you.
You feel yourself speed up. The red ugly thing tail-slaps you.
* * * LOW HITPOINT WARNING * * *
You are engulfed in flames!
You resist.
You die...

..###
#.....##.#.##.........# #
..# #.#...##.#.##.#########
# ### #.#......#.#...## ..#
#.#.............#
#.######.#.#....#.#....##
#.......(..#....#.##..#.###
########.#.#..#......###..#
...........#....u.###.#.#.#
.#######<....###@.###..##.#
.# #####.##.........#.# .#
#.....####.#.#.# .# ###...#
#.#.#.# .#
#...####.#.#.####### .#
#...##.............. .#
#............####### .#
#..###.#.#.#........ #####
#..###.#.#.#########


You could see a red ugly thing.

Vanquished Creatures
  Harold (D:7)
  A death knight (D:11)
  A two-headed ogre (D:11)
  Pikel (D:7)
  An ugly thing (D:11)
  An elephant (D:8)
  Joseph (D:7)
  A troll (D:10)
  A tengu conjurer (D:11)
  2 hippogriffs (D:8)
  A wyvern (D:9)
  8 yaks (D:9)
  A basilisk (D:8)
  Grum (D:11)
  A hungry ghost (D:9)
  The ghost of Borgoz the Sneak, an amateur KoEn (D:4)
  3 orc warriors
  An ice beast (D:7)
  6 sky beasts
  2 phantoms
  3 wolves
  6 ogres
  A necrophage (D:8)
  6 centaurs
  2 crocodiles
  3 bullfrogs
  A big kobold (D:11)
  5 scorpions
  6 killer bees
  5 wights (D:8)
  3 howler monkeys
  8 crimson imps
  A centaur zombie (D:6)
  5 hounds
  6 orc priests
  A centaur skeleton (D:8)
  2 iguanas
  A jelly (D:10)
  Jessica (D:2)
  Natasha (thrice) (D:2)
  7 worker ants
  8 orc wizards
  2 hound zombies
  A hound skeleton (D:4)
  A worker ant zombie (D:10)
  Robin (D:2)
  9 gnolls
  17 adders
  3 shadow imps
  2 oozes
  2 adder skeletons
  2 adder zombies
  3 worms (D:2)
  6 dart slugs
  7 leopard geckos
  40 orcs
  5 bats
  6 giant cockroaches
  13 goblins
  8 hobgoblins
  16 jackals
  9 kobolds
  7 quokkas
  3 frilled lizards
  A jackal zombie (D:7)
  A leopard gecko zombie (D:6)
  A quokka skeleton (D:7)
  A quokka zombie (D:5)
  5 rats
292 creatures vanquished.

Vanquished Creatures (others)
  A jackal (D:7)
  A fulminant prism (D:7)
2 creatures vanquished.

Grand Total: 294 creatures vanquished

Notes
Turn   | Place    | Note
-------+----------+-------------------------------------------
     0 | D:1      | Lilu the Deep Elf Conjurer began the quest for the Orb.
     0 | D:1      | Reached XP level 1. HP: 10/10 MP: 6/6
   139 | D:1      | Reached XP level 2. HP: 16/16 MP: 6/8
   755 | D:1      | Learned a level 2 spell: Searing Ray
   835 | D:2      | Noticed Natasha
   840 | D:2      | Killed Natasha
   840 | D:2      | Reached skill level 1 in Fighting
   840 | D:2      | Reached XP level 3. HP: 20/20 MP: 0/10
  1034 | D:2      | Noticed Natasha
  1041 | D:2      | Killed Natasha
  1041 | D:2      | Reached skill level 4 in Spellcasting
  1041 | D:2      | Reached XP level 4. HP: 16/25 MP: 4/12
  1181 | D:2      | Reached skill level 5 in Conjurations
  1335 | D:2      | Noticed Natasha
  1347 | D:2      | Killed Natasha
  1410 | D:2      | Reached XP level 5. HP: 30/30 MP: 9/13
  1637 | D:2      | Noticed Robin
  1655 | D:2      | Killed Robin
  1675 | D:2      | Noticed Jessica
  1755 | D:2      | Killed Jessica
  2155 | D:3      | Reached skill level 5 in Spellcasting
  2155 | D:3      | Reached XP level 6. HP: 18/35 MP: 7/15
  3146 | D:4      | Found a staircase to the Ecumenical Temple.
  3161 | Temple   | Entered the Ecumenical Temple
  3166 | Temple   | Became a worshipper of Vehumet
  3386 | D:4      | Reached skill level 5 in Dodging
  3626 | D:4      | Noticed Borgoz's ghost (amateur KoEn)
  3686 | D:4      | Found a runed gate.
  3686 | D:4      | Found a runed gate.
  3686 | D:4      | Found a runed gate.
  3735 | D:4      | Reached XP level 7. HP: 40/40 MP: 13/17
  4068 | D:4      | Killed Borgoz's ghost
  4068 | D:4      | Reached skill level 6 in Spellcasting
  4113 | D:5      | Entered Level 5 of the Dungeon
  4320 | D:5      | Learned a level 4 spell: Iskenderun's Mystic Blast
  4758 | D:5      | Reached * piety under Vehumet
  4758 | D:5      | Offered knowledge of Sting by Vehumet.
  4759 | D:5      | Reached skill level 7 in Spellcasting
  4759 | D:5      | Reached XP level 8. HP: 22/44 MP: 9/20
  5537 | D:6      | Got a crude chain mail
  5548 | D:6      | Identified the +3 chain mail of the Guild-Master {rElec MR+
                  | Slay+2} (You found it on level 6 of the Dungeon)
  5711 | D:6      | Found a glowing golden altar of the Shining One.
  6146 | D:7      | Reached skill level 8 in Spellcasting
  6153 | D:7      | Got a shimmering trident
  6154 | D:7      | Identified the +2 trident of the Pit {flame, Dex+4} (You
                  | found it on level 7 of the Dungeon)
  6207 | D:7      | Noticed Joseph
  6352 | D:7      | Reached ** piety under Vehumet
  6352 | D:7      | Offered knowledge of Shock by Vehumet.
  6584 | D:7      | Killed Joseph
  6584 | D:7      | Reached XP level 9. HP: 47/48 MP: 14/23
  6633 | D:7      | Learned a level 4 spell: Fulminant Prism
  6643 | D:7      | Reached skill level 9 in Spellcasting
  6643 | D:7      | Reached skill level 1 in Hexes
  6772 | D:7      | Noticed Harold
  6941 | D:7      | Found a hide-covered altar of Uskayaw.
  6944 | D:7      | Noticed a +0 hand axe
  6945 | D:7      | Noticed a +0 hand axe
  7307 | D:7      | Noticed Pikel
  7312 | D:7      | Killed Pikel
  7312 | D:7      | Offered knowledge of Stone Arrow by Vehumet.
  7642 | D:7      | Killed Harold
  7642 | D:7      | Reached skill level 10 in Spellcasting
  8025 | D:8      | Reached XP level 10. HP: 53/53 MP: 22/26
  8123 | D:8      | Found a staircase to the Lair.
  8123 | D:8      | Noticed an elephant
  8205 | D:8      | Found a stormy altar of Qazlal.
  8380 | D:8      | Found the +18 shield of the Gong {rElec rN+ MR+ EV-5}
  8455 | D:8      | Reached *** piety under Vehumet
  8628 | D:8      | Killed an elephant
  8628 | D:8      | Reached skill level 1 in Bows
  8628 | D:8      | Reached skill level 10 in Conjurations
  9002 | D:8      | Reached skill level 11 in Spellcasting
  9326 | D:9      | Reached skill level 5 in Stealth
  9449 | D:9      | Offered knowledge of Throw Icicle by Vehumet.
  9698 | D:9      | You fall through a shaft!
  9698 | D:10     | Entered Level 10 of the Dungeon
  9698 | D:10     | Found a deep blue altar of Sif Muna.
 10021 | D:9      | Found a staircase to the Orcish Mines.
 10438 | D:10     | Reached XP level 11. HP: 61/61 MP: 16/28
 10466 | D:10     | Reached **** piety under Vehumet
 10611 | D:10     | Found Anecedas's Book Shop.
 10628 | D:10     | Reached skill level 12 in Spellcasting
 11296 | D:11     | Noticed a brown ugly thing
 11305 | D:11     | Killed a brown ugly thing
 11377 | D:11     | Offered knowledge of Iskenderun's Battlesphere by Vehumet.
 11384 | D:11     | Learned a level 5 spell: Iskenderun's Battlesphere
 11501 | D:11     | Noticed a death knight
 11514 | D:11     | Reached skill level 5 in Bows
 11668 | D:11     | Reached skill level 1 in Charms
 11672 | D:11     | Noticed Grum
 11677 | D:11     | Killed Grum
 12030 | D:11     | Noticed a white ugly thing
 12091 | D:11     | Reached skill level 10 in Dodging
 12102 | D:11     | Noticed a two-headed ogre
 12108 | D:11     | Killed a two-headed ogre
 12108 | D:11     | Reached skill level 5 in Fighting
 12343 | D:11     | Killed a death knight
 12465 | D:11     | Noticed a red ugly thing
 12952 | D:10     | Slain by a red ugly thing

Vault maps used:
D:1:      evilmike_arrival_plus
D:2:      uniq_robin, uniq_natasha, uniq_jessica
D:4:      minmay_temple_entry_water_ring, gammafunk_ghost_split
D:5:      minmay_angry_zag, first_ration, minmay_bent
D:6:      kennysheep_small_circle
D:7:      dancing_weapons_uskayaw, uniq_pikel, uniq_harold, uniq_joseph
D:8:      david_lair_generic, basic_altar, minivault_23
D:9:      orc_0_dummy
D:10:     serial_shops, shop, basic_altar
D:11:     minmay_the_grid_plus, uniq_grum
Temple:   grunt_wide_crystal_templ

Skill      XL: |  1  2  3  4  5  6  7  8  9 10 11 |
---------------+----------------------------------+-----
Fighting       | 1 2 4 5 |  5.2
Dodging        | 3 4 5 6 8 9 10 | 10.0
Spellcasting   | 4 5 7 8 10 11 12 | 12.0
Conjurations   | 5 6 8 9 10 | 10.0
Stealth        | 3 4 6 8 |  8.0
Hexes          | 2 4 |  4.0
Bows           | 4 5 |  5.9
Charms         | 3 |  3.9

Action                   |  1- 3 |  4- 6 |  7- 9 | 10-12 || total
-------------------------+-------+-------+-------+-------++-------
Melee: Dagger            |       |    35 |   151 |    22 ||   208
 Fire: Blowgun           |       |       |     4 |       ||     4
       Shortbow          |       |       |       |   198 ||   198
       Longbow           |       |       |       |     1 ||     1
 Cast: Magic Dart        |    31 |   110 |    31 |    31 ||   203
       Searing Ray       |     3 |    16 |    38 |    64 ||   121
       Iskenderun's Myst |       |       |    14 |    40 ||    54
       Fulminant Prism   |       |       |     1 |       ||     1
       Iskenderun's Batt |       |       |       |     4 ||     4
  Use: Scroll            |       |     6 |     3 |    10 ||    19
       Potion            |       |       |       |     1 ||     1
 Stab: Sleeping          |       |     1 |     4 |     1 ||     6
  Eat: Chunk             |       |     8 |    14 |    15 ||    37
Armor: Robe              |       |    14 |    29 |    54 ||    97
       Leather armour    |       |       |    30 |       ||    30
Dodge: Dodged            |     3 |    55 |   218 |   248 ||   524

Table legend:
 A = Non-vault XP
 B = Vault XP
 C = Vault XP percentage of total XP
 D = Non-vault monster count
 E = Vault monster count
 F = Vault count percentage of total count
                 A         B        C        D         E       F
            +---------+---------+-------+---------+---------+-------
      Total |   10438 |    5889 |  36.1 |     246 |      46 |  15.8
            +---------+---------+-------+---------+---------+-------
        D:1 |      30 |       0 |   0.0 |      14 |       0 |   0.0
        D:2 |     177 |     108 |  37.9 |      25 |      13 |  34.2
        D:3 |     136 |       0 |   0.0 |      29 |       0 |   0.0
        D:4 |     292 |     191 |  39.5 |       9 |       4 |  30.8
        D:5 |     422 |     362 |  46.2 |      20 |      11 |  35.5
        D:6 |     353 |       0 |   0.0 |      17 |       0 |   0.0
        D:7 |    1047 |    2107 |  66.8 |      34 |       3 |   8.1
        D:8 |    1214 |    1034 |  46.0 |      26 |       4 |  13.3
        D:9 |    2995 |       0 |   0.0 |      31 |       0 |   0.0
       D:10 |    1365 |     119 |   8.0 |      21 |       1 |   4.5
       D:11 |    2407 |    1968 |  45.0 |      20 |      10 |  33.3
            +---------+---------+-------+---------+---------+-------
